[Event "Schachfestival Open-A 2018"]
[Site "Lueneburg"]
[Date "2018.07.11"]
[Round "7"]
[White "von Estorff, Jacob"]
[Black "Hess, Christian Mathias"]
[Result "1-0"]
[ECO "B12"]
[WhiteElo "1838"]
[BlackElo "2243"]
[Annotator "NA"]
[PlyCount "117"]
[EventDate "2018.07.06"]
[EventType "swiss"]
[EventCountry "GER"]
[SourceTitle "playchess.com"]
[Source "ChessBase"]
[SourceQuality "1"]
[TimeControl "40/5400+30:1800+30"]

1. e4 c6 2. d4 d5 3. e5 Bf5 4. Nc3 e6 5. g4 Bg6 6. Nge2 c5 7. h4 h5 8. Nf4 Bh7 9. Nxh5 Nc6 10. Be3 Bxc2 11. Qxc2 cxd4 12. O-O-O dxe3 13. fxe3 Qc7 14. e4 d4 15. Nb5 Qxe5 16. Nxd4 Nxd4 17. Rxd4 a6 18. Bxa6 Ne7 19. Bxb7 Qxd4 20. Bxa8 Qa7 21. Bc6+ Nxc6 22. Qxc6+ Qd7 23. Qa8+ Qd8 24. Qxd8+ Kxd8 25. Ng3 Be7 26. h5 Bg5+ 27. Kc2 Ke7 28. Ne2 Kd6 29. Rf1 Rc8+ 30. Nc3 Rc7 31. a4 Kc5 32. Rd1 Bf6 33. Kb3 Be5 34. Nb5 Rb7 35. Rc1+ Kb6 36. Kb4 Rb8 37. a5+ Kb7 38. b3 Bg3 39. Ka4 Rd8 40. Rf1 Rd7 41. g5 Be5 42. Na3 Rd4+ 43. Nc4 Rxe4 44. Rxf7+ Ka6 45. h6 gxh6 46. gxh6 Bc3 47. Rf3 Bxa5 48. Rh3 Bc3 49. Rxc3 Rh4 50. b4 Rxh6 51. b5+ Ka7 52. Ka5 Rh5 53. Re3 Rh1 54. Rxe6 Ra1+ 55. Kb4 Kb7 56. Re7+ Kb8 57. Kc5 Rh1 58. Kc6 Rh8 59. Nd6 1-0

[Event "Schachfestival Open-A 2018"]
[Site "Lueneburg"]
[Date "2018.07.11"]
[Round "7"]
[White "De La Torre Fajardo, Felix"]
[Black "Herrmann, Andreas"]
[Result "0-1"]
[ECO "B24"]
[WhiteElo "1534"]
[BlackElo "2171"]
[Annotator "NA"]
[PlyCount "68"]
[EventDate "2018.07.06"]
[EventType "swiss"]
[EventCountry "GER"]
[SourceTitle "playchess.com"]
[Source "ChessBase"]
[SourceQuality "1"]
[TimeControl "40/5400+30:1800+30"]

1. e4 c5 2. Nc3 Nc6 3. Bb5 Na5 4. f4 a6 5. Be2 e6 6. Bf3 Qc7 7. Nge2 d6 8. O-O Nf6 9. b3 Be7 10. Bb2 O-O 11. Qe1 Nc6 12. Qg3 Rd8 13. Rad1 Rb8 14. Kh1 b5 15. e5 Ne8 16. exd6 Bxd6 17. Ne4 Be7 18. Nc1 Nd4 19. Nd3 Bb7 20. Ne5 Nf5 21. Qh3 Nd4 22. Nxf7 Bxe4 23. Nxd8 Bxf3 24. Bxd4 Rxd8 25. Qxe6+ Kh8 26. Be5 Bxg2+ 27. Kxg2 Qb7+ 28. Kg3 Nf6 29. Rde1 Rxd2 30. Rf2 Nh5+ 31. Kh3 Rxf2 32. Rg1 Nxf4+ 33. Bxf4 Rxf4 34. Qe5 Qf3+ 0-1

[Event "Schachfestival Open-A 2018"]
[Site "Lueneburg"]
[Date "2018.07.12"]
[Round "8"]
[White "Kardoeus, David"]
[Black "Drozdowski, Konrad"]
[Result "1-0"]
[ECO "B42"]
[WhiteElo "2188"]
[BlackElo "2076"]
[Annotator "NA"]
[PlyCount "81"]
[EventDate "2018.07.06"]
[EventType "swiss"]
[EventCountry "GER"]
[SourceTitle "playchess.com"]
[Source "ChessBase"]
[SourceQuality "1"]
[TimeControl "40/5400+30:1800+30"]

1. e4 c5 2. Nf3 e6 3. d4 cxd4 4. Nxd4 a6 5. Bd3 Ne7 6. O-O Nbc6 7. c3 Nxd4 8. cxd4 d6 9. Nc3 g6 10. Be3 Bg7 11. Qd2 O-O 12. f4 f5 13. Rac1 Bd7 14. d5 fxe4 15. Bxe4 e5 16. fxe5 Rxf1+ 17. Rxf1 Bxe5 18. Bd4 Bxd4+ 19. Qxd4 Nf5 20. Bxf5 Bxf5 21. h3 Qg5 22. Kh2 h5 23. Ne4 Bxe4 24. Qxe4 Qe5+ 25. Qxe5 dxe5 26. Rf6 Kg7 27. Rb6 Rd8 28. Rxb7+ Kh6 29. Rb6 Rxd5 30. Rxa6 h4 31. Ra4 Kh5 32. Re4 g5 33. b4 Kg6 34. Re2 Kf5 35. Rb2 e4 36. b5 e3 37. b6 Rd2 38. Rb1 e2 39. b7 Rd8 40. Rb5+ Kf4 41. b8=Q+ 1-0

[Event "Schachfestival Open-A 2018"]
[Site "Lueneburg"]
[Date "2018.07.12"]
[Round "8"]
[White "Herrmann, Andreas"]
[Black "Utiatskaja, Irina"]
[Result "0-1"]
[ECO "D02"]
[WhiteElo "2171"]
[BlackElo "2155"]
[Annotator "NA"]
[PlyCount "94"]
[EventDate "2018.07.06"]
[EventType "swiss"]
[EventCountry "GER"]
[SourceTitle "playchess.com"]
[Source "ChessBase"]
[SourceQuality "1"]
[TimeControl "40/5400+30:1800+30"]

1. d4 d5 2. Nf3 Nf6 3. c3 c5 4. Bf4 Qb6 5. Qb3 Nc6 6. e3 c4 7. Qxb6 axb6 8. Nbd2 b5 9. Ne5 e6 10. Be2 b4 11. O-O Nxe5 12. dxe5 Nd7 13. e4 b5 14. exd5 exd5 15. Nf3 Bc5 16. Rfd1 Bb7 17. cxb4 Bxb4 18. Nd4 Ra5 19. e6 fxe6 20. Nxe6 Kf7 21. Bg4 Nf6 22. Ng5+ Kg6 23. Be6 h6 24. Nf7 Re8 25. Ne5+ Kh7 26. Bf5+ Kg8 27. Bg6 Re7 28. a3 Bc5 29. Rac1 Ra6 30. Bf5 Nh5 31. g3 Nxf4 32. gxf4 Rf6 33. Nd7 Bxf2+ 34. Kxf2 Rxf5 35. Nc5 Rxf4+ 36. Kg3 Rf5 37. Re1 Rc7 38. Re8+ Kh7 39. Ne6 Rcf7 40. h4 Bc6 41. Rd8 Rf3+ 42. Kg4 R3f6 43. Re1 Bd7 44. Rxd7 Rxd7 45. h5 d4 46. Nc5 Rd5 47. Ne4 Rf7 0-1

[Event "Schachfestival Open-A 2018"]
[Site "Lueneburg"]
[Date "2018.07.12"]
[Round "8"]
[White "Herrmann, Andreas"]
[Black "Popvasilev, Kaloyan"]
[Result "1-0"]
[ECO "A13"]
[WhiteElo "2171"]
[BlackElo "2020"]
[Annotator "NA"]
[PlyCount "87"]
[EventDate "2018.07.06"]
[EventType "swiss"]
[EventCountry "GER"]
[SourceTitle "playchess.com"]
[Source "ChessBase"]
[SourceQuality "1"]
[TimeControl "40/5400+30:1800+30"]

1. c4 e6 2. g3 Nf6 3. Bg2 d5 4. Nf3 dxc4 5. Na3 Bxa3 6. bxa3 O-O 7. Bb2 Nbd7 8. Rc1 c5 9. Rxc4 b5 10. Rh4 Bb7 11. Qc2 h6 12. O-O Rb8 13. Rd1 Qc7 14. e4 Rfc8 15. d4 cxd4 16. Qxc7 Rxc7 17. Nxd4 a6 18. e5 Bxg2 19. exf6 Bd5 20. fxg7 Kh7 21. Nf5 f6 22. Rxh6+ Kg8 23. Bxf6 Bf3 24. Rh8+ Kf7 25. Rxd7+ Rxd7 26. Nd4 Kxf6 27. Rxb8 Rxd4 28. Rf8+ Kxg7 29. Rxf3 Rd2 30. a4 bxa4 31. Ra3 Rd4 32. Kg2 Kg6 33. Kf3 Kf5 34. h3 e5 35. g4+ Kg5 36. Kg3 Rb4 37. h4+ Kg6 38. h5+ Kg5 39. f3 Kf6 40. Rc3 Rb2 41. Rc6+ Kg7 42. h6+ Kh7 43. g5 Rxa2 44. Rc7+ 1-0

[Event "Schachfestival Open-A 2018"]
[Site "Lueneburg"]
[Date "2018.07.12"]
[Round "8"]
[White "Bogachkova, Alena"]
[Black "Weishaeutel, Moritz"]
[Result "1-0"]
[ECO "C05"]
[WhiteElo "2135"]
[BlackElo "2236"]
[Annotator "NA"]
[PlyCount "57"]
[EventDate "2018.07.06"]
[EventType "swiss"]
[EventCountry "GER"]
[SourceTitle "playchess.com"]
[Source "ChessBase"]
[SourceQuality "1"]
[TimeControl "40/5400+30:1800+30"]

1. e4 e6 2. d4 d5 3. Nd2 Nf6 4. e5 Nfd7 5. f4 c5 6. c3 Nc6 7. Ndf3 Rb8 8. Bd3 b5 9. Ne2 Qb6 10. O-O b4 11. Kh1 Be7 12. f5 Ba6 13. fxe6 fxe6 14. Ng5 Bxd3 15. Qxd3 Rf8 16. Be3 Rxf1+ 17. Rxf1 Nf8 18. Nxh7 Nxh7 19. Qxh7 bxc3 20. bxc3 Qb2 21. Nf4 Kd7 22. Nxe6 Qe2 23. Qf5 Qxe3 24. Nxc5+ Kc7 25. Qd7+ Kb6 26. Rb1+ Ka5 27. Nb7+ Rxb7 28. Qxb7 Qd3 29. Qc7+ 1-0

[Event "Schachfestival Open-A 2018"]
[Site "Lueneburg"]
[Date "2018.07.12"]
[Round "8"]
[White "Marzik, Hans"]
[Black "De La Torre Fajardo, Felix"]
[Result "1-0"]
[ECO "A56"]
[WhiteElo "2121"]
[BlackElo "1534"]
[Annotator "NA"]
[PlyCount "75"]
[EventDate "2018.07.06"]
[EventType "swiss"]
[EventCountry "GER"]
[SourceTitle "playchess.com"]
[Source "ChessBase"]
[SourceQuality "1"]
[TimeControl "40/5400+30:1800+30"]

1. d4 Nf6 2. c4 c5 3. Nf3 cxd4 4. Nxd4 e5 5. Nb5 Qb6 6. Be3 Bc5 7. Bxc5 Qxc5 8. Nd6+ Ke7 9. Nf5+ Kf8 10. Ne3 b6 11. Nc3 Bb7 12. a3 Nc6 13. b4 Nxb4 14. axb4 Qxb4 15. Qd2 g6 16. Rb1 Qc5 17. Ned5 Nxd5 18. Nxd5 Bxd5 19. Qxd5 Qxd5 20. cxd5 f5 21. e3 Rc8 22. Ba6 Rc5 23. Rd1 Ke7 24. f3 Ra5 25. d6+ Kf6 26. Bc4 Rc8 27. Bd5 Rc2 28. O-O e4 29. fxe4 Ke5 30. Bg8 Kxe4 31. Rf2 Rc3 32. Bxh7 g5 33. g4 Kxe3 34. Bxf5 b5 35. Kg2 Raa3 36. Bxd7 b4 37. Bf5 b3 38. d7 1-0

[Event "Schachfestival Open-A 2018"]
[Site "Lueneburg"]
[Date "2018.07.12"]
[Round "8"]
[White "Wagner, Benjamin"]
[Black "Bente, Bjoern"]
[Result "1/2-1/2"]
[ECO "C16"]
[WhiteElo "2111"]
[BlackElo "2219"]
[Annotator "NA"]
[PlyCount "42"]
[EventDate "2018.07.06"]
[EventType "swiss"]
[EventCountry "GER"]
[SourceTitle "playchess.com"]
[Source "ChessBase"]
[SourceQuality "1"]
[TimeControl "40/5400+30:1800+30"]

1. e4 e6 2. d4 d5 3. Nc3 Bb4 4. e5 b6 5. Qg4 Bf8 6. Nf3 Ne7 7. Bg5 Ba6 8. Bxa6 Nxa6 9. O-O h6 10. Be3 Nf5 11. Ne2 Nb4 12. Ne1 c5 13. c3 Nc6 14. Ng3 g6 15. Nxf5 gxf5 16. Qd1 Qd7 17. Nd3 c4 18. Nf4 O-O-O 19. Nh5 Be7 20. b3 Na5 21. b4 Nc6 1/2-1/2

[Event "Schachfestival Open-A 2018"]
[Site "Lueneburg"]
[Date "2018.07.12"]
[Round "8"]
[White "Kiesel, Harald"]
[Black "Ramme, Christoph"]
[Result "1/2-1/2"]
[ECO "C67"]
[WhiteElo "2096"]
[BlackElo "2158"]
[Annotator "NA"]
[PlyCount "42"]
[EventDate "2018.07.06"]
[EventType "swiss"]
[EventCountry "GER"]
[SourceTitle "playchess.com"]
[Source "ChessBase"]
[SourceQuality "1"]
[TimeControl "40/5400+30:1800+30"]

1. e4 e5 2. Nf3 Nc6 3. Bb5 Nf6 4. O-O Nxe4 5. d4 Nd6 6. Bxc6 dxc6 7. dxe5 Nf5 8. Qxd8+ Kxd8 9. Nc3 h6 10. h3 Ne7 11. Be3 Ng6 12. Rad1+ Ke8 13. a3 Be7 14. Rd2 Be6 15. Rfd1 a6 16. Kh2 h5 17. Re1 Rd8 18. Rxd8+ Kxd8 19. Bg5 b6 20. Bxe7+ Kxe7 21. Nd4 Ke8 1/2-1/2

[Event "Schachfestival Open-A 2018"]
[Site "Lueneburg"]
[Date "2018.07.12"]
[Round "8"]
[White "Hesse, Henrik"]
[Black "Harringer, Manfred"]
[Result "1/2-1/2"]
[ECO "A19"]
[WhiteElo "2057"]
[BlackElo "1998"]
[Annotator "NA"]
[PlyCount "114"]
[EventDate "2018.07.06"]
[EventType "swiss"]
[EventCountry "GER"]
[SourceTitle "playchess.com"]
[Source "ChessBase"]
[SourceQuality "1"]
[TimeControl "40/5400+30:1800+30"]

1. c4 Nf6 2. Nc3 e6 3. e4 c5 4. e5 Ng8 5. Ne4 d5 6. exd6 Bxd6 7. Nxd6+ Qxd6 8. Qg4 Qe5+ 9. Be2 Nc6 10. Nf3 Qf6 11. O-O Nge7 12. d3 Nf5 13. Be3 h5 14. Qf4 Nfd4 15. Nxd4 Nxd4 16. Bd1 Qxf4 17. Bxf4 Ke7 18. Be5 f6 19. Bxd4 cxd4 20. Bf3 Bd7 21. Bxb7 Rab8 22. Bf3 Rxb2 23. Rfb1 Rhb8 24. Rxb2 Rxb2 25. Rc1 Rxa2 26. c5 Bc8 27. h4 Kd8 28. Bxh5 Ra3 29. Be2 Rc3 30. Ra1 Rxc5 31. Rxa7 Rc1+ 32. Kh2 Bd7 33. Ra8+ Rc8 34. Ra7 Rc7 35. Ra8+ Rc8 36. Rxc8+ Bxc8 37. f4 Ke7 38. g4 Kd6 39. Kg3 e5 40. Bf3 Ba6 41. Be4 Ke6 42. f5+ Ke7 43. Kf2 Kf8 44. Ke2 Kg8 45. Kd2 Bb5 46. Kc2 Bd7 47. Kb3 g6 48. Kb4 gxf5 49. gxf5 Kg7 50. Kc5 Ba4 51. Bf3 Bc2 52. Be2 Kh6 53. Kd5 Kg7 54. h5 Kh6 55. Ke6 e4 56. dxe4 Bxe4 57. Kxf6 Bxf5 1/2-1/2

[Event "Schachfestival Open-A 2018"]
[Site "Lueneburg"]
[Date "2018.07.12"]
[Round "8"]
[White "Haerig, Wilfried"]
[Black "Puschendorf, Steffen"]
[Result "1-0"]
[ECO "C18"]
[WhiteElo "2022"]
[BlackElo "2153"]
[Annotator "NA"]
[PlyCount "117"]
[EventDate "2018.07.06"]
[EventType "swiss"]
[EventCountry "GER"]
[SourceTitle "playchess.com"]
[Source "ChessBase"]
[SourceQuality "1"]
[TimeControl "40/5400+30:1800+30"]

1. e4 e6 2. d4 d5 3. Nc3 Bb4 4. e5 c5 5. a3 Bxc3+ 6. bxc3 Ne7 7. Qg4 O-O 8. Bd3 f5 9. exf6 Rxf6 10. Bg5 Rf7 11. Qh5 g6 12. Qd1 Nbc6 13. Nf3 Qf8 14. O-O c4 15. Be2 h6 16. Bc1 Qg7 17. Qd2 Kh7 18. a4 g5 19. Ba3 Nf5 20. Rab1 b6 21. a5 g4 22. Ne5 Nxe5 23. dxe5 Bd7 24. axb6 axb6 25. Bd6 b5 26. Bc5 Rg8 27. Bd4 Nh4 28. Kh1 Be8 29. Ra1 Qg6 30. Qe3 Rf5 31. Ra7+ Rg7 32. Rxg7+ Qxg7 33. Qg3 Ng6 34. Bxg4 Rf4 35. Bxe6 Bf7 36. Be3 Re4 37. Bf5 Qxe5 38. Bxe4 Qxe4 39. Qf3 Qxf3 40. gxf3 Nh4 41. Ra1 Bh5 42. Ra7+ Kg6 43. Ra6+ Kf5 44. Rxh6 Bxf3+ 45. Kg1 Ng6 46. h4 Ne5 47. Bd4 Ng4 48. Rb6 Kf4 49. Rxb5 Ne5 50. Bxe5+ Kxe5 51. Rb8 Bd1 52. Rf8 Bxc2 53. h5 Bf5 54. h6 Bg6 55. f4+ Ke4 56. f5 Bh7 57. Rf7 d4 58. cxd4 Bg8 59. Rg7 1-0

[Event "Schachfestival Open-A 2018"]
[Site "Lueneburg"]
[Date "2018.07.12"]
[Round "8"]
[White "Ploder, Udo"]
[Black "Boehm, Juergen"]
[Result "1/2-1/2"]
[ECO "C34"]
[WhiteElo "1874"]
[BlackElo "2233"]
[Annotator "NA"]
[PlyCount "60"]
[EventDate "2018.07.06"]
[EventType "swiss"]
[EventCountry "GER"]
[SourceTitle "playchess.com"]
[Source "ChessBase"]
[SourceQuality "1"]
[TimeControl "40/5400+30:1800+30"]

1. e4 e5 2. f4 exf4 3. Nf3 Ne7 4. d4 d5 5. Nc3 dxe4 6. Nxe4 Nd5 7. Bd3 Be7 8. O-O O-O 9. Ne5 Nd7 10. Nxd7 Qxd7 11. Qf3 Nb4 12. Bxf4 Qxd4+ 13. Be3 Qe5 14. Bf4 Qd4+ 15. Be3 Qe5 16. Bf4 Qa5 17. Qg3 Nxd3 18. Bxc7 Qd5 19. cxd3 Be6 20. Nc3 Qg5 21. d4 Qxg3 22. Bxg3 Rfd8 23. Rad1 Bc4 24. Rfe1 Bf6 25. Be5 Bxe5 26. Rxe5 Rd7 27. b3 f6 28. Re3 Bf7 29. d5 Rad8 30. Red3 Kf8 1/2-1/2

[Event "Schachfestival Open-A 2018"]
[Site "Lueneburg"]
[Date "2018.07.12"]
[Round "8"]
[White "von Estorff, Jacob"]
[Black "Buchenau, Frank"]
[Result "1-0"]
[ECO "B18"]
[WhiteElo "1838"]
[BlackElo "2275"]
[Annotator "NA"]
[PlyCount "81"]
[EventDate "2018.07.06"]
[EventType "swiss"]
[EventCountry "GER"]
[SourceTitle "playchess.com"]
[Source "ChessBase"]
[SourceQuality "1"]
[TimeControl "40/5400+30:1800+30"]

1. e4 c6 2. d4 d5 3. Nd2 dxe4 4. Nxe4 Bf5 5. Ng3 Bg6 6. Nf3 Nd7 7. c3 e6 8. Bd3 Ngf6 9. O-O Bd6 10. Re1 Qc7 11. Qe2 Bxd3 12. Qxd3 O-O 13. Bd2 c5 14. Rad1 cxd4 15. Nxd4 a6 16. Bg5 Nd5 17. c4 Nc5 18. Qd2 Nf4 19. b4 Ncd3 20. Bxf4 Nxf4 21. c5 Be7 22. Ne4 Rad8 23. Qc2 Rd5 24. Nf3 Rfd8 25. Nc3 Rd3 26. Ne5 Rxd1 27. Nxd1 Bf6 28. Ng4 Bd4 29. Nge3 Qe5 30. a3 g6 31. g3 Nd5 32. Qe2 Qe4 33. Nxd5 Qxd5 34. Ne3 Qb3 35. Nc4 Rd5 36. Kg2 Bc3 37. Rc1 Rd4 38. Nd6 Qb2 39. Rc2 Qa1 40. Qf3 Bd2 41. Qxf7+ 1-0

[Event "Schachfestival Open-A 2018"]
[Site "Lueneburg"]
[Date "2018.07.13"]
[Round "9"]
[White "Kumsiashvili, Nikoloz"]
[Black "Herrmann, Andreas"]
[Result "1-0"]
[ECO "A56"]
[WhiteElo "2411"]
[BlackElo "2171"]
[Annotator "NA"]
[PlyCount "92"]
[EventDate "2018.07.06"]
[EventType "swiss"]
[EventCountry "GER"]
[SourceTitle "playchess.com"]
[Source "ChessBase"]
[SourceQuality "1"]
[TimeControl "40/5400+30:1800+30"]

1. d4 Nf6 2. c4 c5 3. d5 e5 4. Nc3 d6 5. e4 Be7 6. Bd3 Nbd7 7. Be3 Nf8 8. f3 Ng6 9. Nge2 a6 10. O-O O-O 11. a3 Bd7 12. b4 b6 13. Rb1 Ne8 14. Qd2 h6 15. Bc2 Bg5 16. Bxg5 hxg5 17. bxc5 bxc5 18. Ba4 Bc8 19. Bc6 Ra7 20. Rb8 Ne7 21. Qxg5 f6 22. Qd2 Qc7 23. Rfb1 Nxc6 24. dxc6 Qxc6 25. Qd5+ Qxd5 26. Nxd5 Be6 27. Nec3 f5 28. Rd8 fxe4 29. Nxe4 Bf5 30. Rbb8 Bxe4 31. fxe4 Raf7 32. h3 Nf6 33. Rxf8+ Rxf8 34. Rxf8+ Kxf8 35. Nxf6 gxf6 36. Kf2 Kf7 37. Kf3 Kg6 38. g4 Kg5 39. Kg3 Kg6 40. h4 Kh6 41. Kh3 Kg6 42. h5+ Kg7 43. Kh4 Kh6 44. g5+ fxg5+ 45. Kg4 d5 46. exd5 e4 1-0

[Event "Schachfestival Open-A 2018"]
[Site "Lueneburg"]
[Date "2018.07.13"]
[Round "9"]
[White "Sriram, Jha"]
[Black "Marzik, Hans"]
[Result "1/2-1/2"]
[ECO "E70"]
[WhiteElo "2409"]
[BlackElo "2121"]
[Annotator "NA"]
[PlyCount "121"]
[EventDate "2018.07.06"]
[EventType "swiss"]
[EventCountry "GER"]
[SourceTitle "playchess.com"]
[Source "ChessBase"]
[SourceQuality "1"]
[TimeControl "40/5400+30:1800+30"]

1. d4 Nf6 2. c4 g6 3. Nc3 Bg7 4. e4 O-O 5. Nge2 d6 6. f3 c6 7. Be3 a6 8. c5 Nbd7 9. cxd6 exd6 10. Nf4 b5 11. Be2 Nb6 12. O-O Rb8 13. Rc1 Re8 14. Bf2 Bh6 15. g3 d5 16. e5 Bxf4 17. gxf4 Nh5 18. Bg3 Bf5 19. b3 Nd7 20. Qd2 Nf8 21. Nd1 Rc8 22. Ne3 Ng7 23. Ng4 Bxg4 24. fxg4 f5 25. exf6 Qxf6 26. f5 gxf5 27. gxf5 Nd7 28. Bf3 Rf8 29. Bg4 Rce8 30. Qf2 h5 31. Bh3 Re4 32. Bg2 h4 33. Bf4 Ree8 34. Bh3 Rf7 35. Qd2 Nh5 36. Kh1 Nxf4 37. Qxf4 Rg7 38. Rce1 Rxe1 39. Rxe1 c5 40. Bg2 Qxd4 41. Qxd4 cxd4 42. Bxd5+ Kf8 43. Re4 Nf6 44. Re5 h3 45. Bf3 Re7 46. Re2 Rxe2 47. Bxe2 Ke7 48. Kg1 Ne4 49. a4 bxa4 50. bxa4 Nc3 51. Bxa6 Nxa4 52. Kf2 Nc5 53. Bf1 Ne4+ 54. Ke2 Kf6 55. Bxh3 Nd6 56. Kd3 Nxf5 57. Ke4 Nh4 58. Bg4 Kg5 59. h3 Ng2 60. Kxd4 Nf4 61. Ke4 1/2-1/2

[Event "Schachfestival Open-A 2018"]
[Site "Lueneburg"]
[Date "2018.07.13"]
[Round "9"]
[White "Colpe, Malte"]
[Black "von Estorff, Jacob"]
[Result "1-0"]
[ECO "D41"]
[WhiteElo "2382"]
[BlackElo "1838"]
[Annotator "NA"]
[PlyCount "49"]
[EventDate "2018.07.06"]
[EventType "swiss"]
[EventCountry "GER"]
[SourceTitle "playchess.com"]
[Source "ChessBase"]
[SourceQuality "1"]
[TimeControl "40/5400+30:1800+30"]

1. d4 d5 2. c4 e6 3. Nc3 Nf6 4. Nf3 c5 5. cxd5 Nxd5 6. e4 Nxc3 7. bxc3 cxd4 8. cxd4 Nc6 9. Bc4 Bb4+ 10. Bd2 O-O 11. Bxb4 Nxb4 12. O-O Nc6 13. Rc1 Na5 14. Bd3 b6 15. Qd2 Bb7 16. Qf4 Qf6 17. Qg3 Qg6 18. Qh3 Nc6 19. Rxc6 Bxc6 20. Ne5 Qg5 21. Nxc6 Qd2 22. d5 Qxa2 23. e5 h6 24. d6 a5 25. Qe3 1-0

[Event "Schachfestival Open-A 2018"]
[Site "Lueneburg"]
[Date "2018.07.13"]
[Round "9"]
[White "Buchenau, Frank"]
[Black "Hesse, Henrik"]
[Result "1-0"]
[ECO "B06"]
[WhiteElo "2275"]
[BlackElo "2057"]
[Annotator "NA"]
[PlyCount "77"]
[EventDate "2018.07.06"]
[EventType "swiss"]
[EventCountry "GER"]
[SourceTitle "playchess.com"]
[Source "ChessBase"]
[SourceQuality "1"]
[TimeControl "40/5400+30:1800+30"]

1. e4 g6 2. d4 Bg7 3. Nc3 d5 4. exd5 Nf6 5. Bc4 O-O 6. Nge2 Nbd7 7. Nf4 Nb6 8. Bb3 Bf5 9. O-O h6 10. Re1 Re8 11. h3 g5 12. Nh5 Nxh5 13. Qxh5 Bg6 14. Qf3 Bxd4 15. h4 Nd7 16. hxg5 hxg5 17. Bxg5 Kg7 18. Rad1 Be5 19. Nb5 Rh8 20. Rxe5 Nxe5 21. Qc3 f6 22. Nxc7 Qc8 23. d6 Qg4 24. Ne6+ Kf7 25. Rd4 Qxe6 26. Qc7 Rae8 27. Rf4 Qxb3 28. axb3 Ke6 29. Bh4 Bf5 30. Qxb7 Ng6 31. Rd4 Nxh4 32. d7 Kf7 33. dxe8=Q+ Rxe8 34. Rxh4 Bxc2 35. Qd5+ e6 36. Qc4 Bg6 37. Rd4 Re7 38. Qc6 Bf5 39. Rd7 1-0

[Event "Schachfestival Open-A 2018"]
[Site "Lueneburg"]
[Date "2018.07.13"]
[Round "9"]
[White "Bente, Bjoern"]
[Black "Ploder, Udo"]
[Result "1-0"]
[ECO "C50"]
[WhiteElo "2219"]
[BlackElo "1874"]
[Annotator "NA"]
[PlyCount "107"]
[EventDate "2018.07.06"]
[EventType "swiss"]
[EventCountry "GER"]
[SourceTitle "playchess.com"]
[Source "ChessBase"]
[SourceQuality "1"]
[TimeControl "40/5400+30:1800+30"]

1. e4 e5 2. Nf3 Nc6 3. Bc4 Nf6 4. d3 Bc5 5. O-O d6 6. h3 O-O 7. c3 Bb6 8. Bb3 Be6 9. Bc2 Ne7 10. Nbd2 Ng6 11. Re1 Nf4 12. Nf1 N6h5 13. Be3 Qf6 14. Ng3 Qg6 15. Nh4 Qg5 16. Qxh5 Qxh5 17. Nxh5 Nxh5 18. Nf5 g6 19. Nh4 f5 20. Nf3 Kg7 21. d4 f4 22. Bd2 exd4 23. cxd4 h6 24. d5 Bg8 25. Bc3+ Nf6 26. Nd4 Rae8 27. a4 a5 28. Nb3 Rf7 29. Nxa5 Bxa5 30. Bxa5 Kh7 31. f3 Nd7 32. Rec1 Ne5 33. Bc3 Rc8 34. Bb3 Re7 35. Bxe5 Rxe5 36. Rc3 Re7 37. Rac1 Bf7 38. Bd1 Be8 39. a5 Bb5 40. Kf2 Kg7 41. Rb3 Ba6 42. Be2 Ra8 43. Bxa6 Rxa6 44. Rxb7 Rxa5 45. Rcxc7 Rxc7 46. Rxc7+ Kf6 47. Rd7 Ra6 48. Ke2 Rb6 49. b4 Ke5 50. Kd3 Rxb4 51. Re7+ Kf6 52. Re6+ Kf7 53. Rxd6 Rb2 54. e5 1-0

[Event "Schachfestival Open-A 2018"]
[Site "Lueneburg"]
[Date "2018.07.13"]
[Round "9"]
[White "Poeck, Ole"]
[Black "Wagner, Benjamin"]
[Result "1-0"]
[ECO "E90"]
[WhiteElo "2195"]
[BlackElo "2111"]
[Annotator "NA"]
[PlyCount "54"]
[EventDate "2018.07.06"]
[EventType "swiss"]
[EventCountry "GER"]
[SourceTitle "playchess.com"]
[Source "ChessBase"]
[SourceQuality "1"]
[TimeControl "40/5400+30:1800+30"]

1. d4 Nf6 2. c4 g6 3. Nc3 Bg7 4. e4 d6 5. Nf3 O-O 6. h3 e5 7. d5 Nh5 8. g3 f5 9. exf5 gxf5 10. Ng5 Nf6 11. g4 h6 12. Ne6 Bxe6 13. dxe6 f4 14. h4 Nc6 15. g5 Nh7 16. Nd5 Ne7 17. gxh6 Bxh6 18. Qh5 Nxd5 19. Qxh6 Qf6 20. Rg1+ Kh8 21. Rg6 Nb4 22. Rxf6 Rxf6 23. Qh5 Rxe6 24. Bh3 Re7 25. Bf5 Rg8 26. b3 Rg1+ 27. Ke2 Nc6 1-0

[Event "Schachfestival Open-A 2018"]
[Site "Lueneburg"]
[Date "2018.07.13"]
[Round "9"]
[White "Utiatskaja, Irina"]
[Black "Bogachkova, Alena"]
[Result "1-0"]
[ECO "B77"]
[WhiteElo "2155"]
[BlackElo "2135"]
[Annotator "NA"]
[PlyCount "61"]
[EventDate "2018.07.06"]
[EventType "swiss"]
[EventCountry "GER"]
[SourceTitle "playchess.com"]
[Source "ChessBase"]
[SourceQuality "1"]
[TimeControl "40/5400+30:1800+30"]

1. e4 c5 2. Nf3 d6 3. d4 cxd4 4. Nxd4 Nf6 5. Nc3 g6 6. Be3 Bg7 7. f3 O-O 8. Qd2 Nc6 9. Bc4 Bd7 10. h4 Ne5 11. Bb3 h5 12. O-O-O Rc8 13. Bg5 Rc5 14. Kb1 b5 15. g4 a5 16. gxh5 Nxh5 17. Nd5 Re8 18. Nf4 Nxf4 19. Qxf4 Nc4 20. Qg3 a4 21. Bxc4 bxc4 22. h5 Qa5 23. Bd2 c3 24. Bxc3 Rxc3 25. hxg6 Rc5 26. e5 Rxe5 27. gxf7+ Kxf7 28. f4 Rd5 29. Rdg1 Rg8 30. Qg6+ Kf8 31. Rh8 1-0

[Event "Schachfestival Open-A 2018"]
[Site "Lueneburg"]
[Date "2018.07.13"]
[Round "9"]
[White "Haerig, Wilfried"]
[Black "Kardoeus, David"]
[Result "1-0"]
[ECO "B90"]
[WhiteElo "2022"]
[BlackElo "2188"]
[Annotator "NA"]
[PlyCount "67"]
[EventDate "2018.07.06"]
[EventType "swiss"]
[EventCountry "GER"]
[SourceTitle "playchess.com"]
[Source "ChessBase"]
[SourceQuality "1"]
[TimeControl "40/5400+30:1800+30"]

1. e4 c5 2. Nf3 d6 3. d4 cxd4 4. Nxd4 Nf6 5. Nc3 a6 6. Be3 Ng4 7. Bg5 h6 8. Bh4 g5 9. Bg3 Bg7 10. Be2 h5 11. h4 Nc6 12. Nb3 gxh4 13. Bxh4 Nce5 14. Qd2 Ng6 15. Bg5 Be5 16. f4 Bg7 17. f5 N6e5 18. Nd5 Nc6 19. Bxg4 hxg4 20. Rxh8+ Bxh8 21. O-O-O b5 22. Rh1 Be5 23. f6 Kd7 24. fxe7 Nxe7 25. Bxe7 Qg8 26. Bxd6 Qg7 27. Bxe5 Qxe5 28. Nb6+ Ke7 29. Nxa8 Be6 30. Rd1 Qb8 31. Qg5+ f6 32. Qc5+ Ke8 33. Qc6+ Kf7 34. Qc7+ 1-0

[Event "Schachfestival Open-A 2018"]
[Site "Lueneburg"]
[Date "2018.07.13"]
[Round "9"]
[White "Harringer, Manfred"]
[Black "Roehr, Tobias"]
[Result "1-0"]
[ECO "B40"]
[WhiteElo "1998"]
[BlackElo "2180"]
[Annotator "NA"]
[PlyCount "63"]
[EventDate "2018.07.06"]
[EventType "swiss"]
[EventCountry "GER"]
[SourceTitle "playchess.com"]
[Source "ChessBase"]
[SourceQuality "1"]
[TimeControl "40/5400+30:1800+30"]

1. e4 c5 2. Nf3 e6 3. Nc3 Nc6 4. g3 Nge7 5. Bg2 g6 6. O-O Bg7 7. d3 O-O 8. Bf4 d6 9. Qd2 Rb8 10. a4 a6 11. Bh6 Nd4 12. Bxg7 Kxg7 13. Ne2 Nxe2+ 14. Qxe2 b5 15. d4 cxd4 16. Nxd4 e5 17. Nb3 bxa4 18. Rxa4 Bd7 19. Ra3 Bb5 20. c4 Bc6 21. Rd1 Qc7 22. Qd3 f5 23. Qxd6 Qxd6 24. Rxd6 fxe4 25. Nc5 Kh6 26. b3 e3 27. fxe3 Bxg2 28. Kxg2 Nf5 29. Rd3 e4 30. Nxe4 Rbe8 31. Nf2 Nxe3+ 32. Rxe3 1-0